 Dungeon Crawl Stone Soup version 0.30.1 (webtiles) character file.

Game seed: 3434634082322707602

807 DemonSlayer the Digger (level 7, -1/47 HPs)
             Began as a Demonspawn Earth Elementalist on July 6, 2023.
             Was an Initiate of Dithmenos.
             Slain by a sky beast (6 damage)
             ... on level 5 of the Dungeon.
             The game lasted 00:10:50 (5256 turns).

DemonSlayer the Digger (DsEE)                       Turns: 5256, Time: 00:10:51

Health: -1/47      AC:  2    Str:  9    XL:     7   Next: 60%
Magic:  2/15       EV: 12    Int: 20    God:    Dithmenos [......]
Gold:   288        SH:  0    Dex: 15    Spells: 0/16 levels left

rFire   . . .        d - +0 dagger
rCold   . . .        (no shield)
rNeg    . . .        e - +0 robe {Will+}
rPois   .            (no helmet)
rElec   .            (no cloak)
rCorr   .            (no gloves)
SInv    .            (no boots)
Will    ++...        (no amulet)
Stlth   ++           s - ring of willpower
HPRegen 0.27/turn    (no ring)
MPRegen 0.28/turn

%: no passive effects
@: flying
A: powered by death 1, magic regeneration, big brain 2
a: Renounce Religion


You were on level 5 of the Dungeon.
You worshipped Dithmenos.
Dithmenos was noncommittal.
You visited 2 branches of the dungeon, and saw 7 of its levels.

You collected 288 gold pieces.

Inventory:

Hand Weapons
 d - a +0 dagger (weapon)
Armour
 e - a +0 robe of willpower (worn)
Jewellery
 s - a ring of willpower (left hand)
Scrolls
 a - 7 scrolls of teleportation
 b - a scroll of amnesia {unknown}
 g - a scroll of blinking
 i - a scroll of acquirement {unknown}
 j - a scroll of fog
 k - 3 scrolls of fear
 p - 2 scrolls of enchant armour
 u - a scroll of magic mapping
Potions
 h - a potion of degeneration {unknown}
 m - a potion of berserk rage {unknown}
 n - 2 potions of curing
 o - a potion of flight
 q - a potion of might {unknown}
 r - 2 potions of cancellation
 t - a potion of resistance {unknown}


   Skills:
 + Level 0.9 Fighting
 + Level 0.8 Short Blades
 + Level 2.3 Dodging
 + Level 3.2 Stealth
 + Level 5.3 Spellcasting
 + Level 0.8 Transmutations
 + Level 5.6 Earth Magic


You couldn't memorise any spells.
You knew the following spells:

 Your Spells              Type           Power      Damage    Failure   Level
a - Sandblast             Erth           54%        2d13      1%          1
b - Stone Arrow           Conj/Erth      32%        3d9       11%         3
c - Passwall              Tmut/Erth      15%        N/A       4%          2
d - Mephitic Cloud        Conj/Pois/Air  5%         N/A       32%         3
e - Petrify               Tmut/Erth      18%        N/A       30%         4
f - Swiftness             Air            5%         N/A       32%         3

Your spell library contained the following spells:

 Spells                   Type           Power      Damage    Failure   Level
 Slow                     Hex            20%        N/A       11%         1
 Summon Small Mammal      Summ           20%        N/A       11%         1
 Ensorcelled Hibernation  Hex/Ice        10%        N/A       17%         2
 Poisonous Vapours        Pois/Air       10%        N/A       17%         2
 Call Canine Familiar     Summ           5%         N/A       32%         3
 Confusing Touch          Hex            5%         N/A       32%         3
 Summon Guardian Golem    Hex/Summ       5%         N/A       32%         3
 Vampiric Draining        Necr           5%         2d6       32%         3
 Freezing Cloud           Conj/Ice/Air   2%         6-21      97%         5


Dungeon Overview and Level Annotations

Branches:
Dungeon (6/15)             Temple (1/1) D:4

Altars:
Dithmenos
Gozag
Hepliaklqana
Okawaru
Ru
Sif Muna
Uskayaw
Xom
Yredelemnul

Portals:
Sewer: D:6


Innate Abilities, Weirdness & Mutations

You regenerate a little health from kills.
You regenerate magic rapidly.
You have an extremely huge brain. (Int +4)


Message History

Confirm with . or Enter, or press ? or * to list all spells.
Aiming: Stone Arrow (dangerous; 11% risk of failure)
Press: ? - help, Shift-Dir - straight line The stone arrow hits something!
Something hits you. Something shocks you.
* * * LOW HITPOINT WARNING * * *
Casting: Stone Arrow (dangerous; 11% risk of failure)
Confirm with . or Enter, or press ? or * to list all spells.
Aiming: Stone Arrow (dangerous; 11% risk of failure)
Press: ? - help, Shift-Dir - straight line The stone arrow hits something!
Something hits you.
* * * LOW HITPOINT WARNING * * *
Something shocks you.
* * * LOW HITPOINT WARNING * * *
You feel much better. Something hits you. Something shocks you.
Casting: Stone Arrow (dangerous; 11% risk of failure)
Confirm with . or Enter, or press ? or * to list all spells.
Aiming: Stone Arrow (dangerous; 11% risk of failure)
Press: ? - help, Shift-Dir - straight line Something hits you.
Something shocks you.
You hit something but do no damage. Something hits you.
* * * LOW HITPOINT WARNING * * *
Something shocks you.
* * * LOW HITPOINT WARNING * * *
You feel much better. Something hits you. Something shocks you.
You can't see any enemies this would affect, really read the scroll of fear?
Okay, then.
Okay, then.
It was a potion of flight.
You feel very buoyant.
You fly up into the air.
Something hits you. Something shocks you.
* * * LOW HITPOINT WARNING * * *
Something hits you.
* * * LOW HITPOINT WARNING * * *
Something shocks you.
* * * LOW HITPOINT WARNING * * *
You feel better. Something hits you but does no damage. Something hits you.
* * * LOW HITPOINT WARNING * * *
Something shocks you.
You die...

..............# #....# #...
..............# #.#### #.##
...........>..## #.###### ##.#
...............## #......####..#
........<....#..# ######......##
.............##.###.##....#####
.............##..##......##
.............###.##.##...########
.............# #@##<.....#.......
.............# #.{##...###.######
.............# ##...>..# #.#
############## #.###### #.#
#.########.# #..........#
############


There were no monsters in sight!

Vanquished Creatures
  An ice beast (D:6)
  A phantom (D:5)
  2 scorpions
  3 hounds
  3 jellies (D:5)
  An orc priest (D:4)
  2 iguanas (D:4)
  3 orc wizards
  Natasha (thrice) (D:2)
  A gnoll (D:1)
  A river rat (D:6)
  3 adders
  A white imp (D:5)
  6 dart slugs
  11 orcs
  5 ball pythons
  2 endoplasms
  4 giant cockroaches
  10 goblins
  6 hobgoblins
  2 jackals (D:2)
  2 quokkas
  5 bats
  2 frilled lizards (D:2)
  A kobold (D:2)
  5 rats
86 creatures vanquished.

Notes
Turn   | Place    | Note
-------+----------+-------------------------------------------
     0 | D:1      | DemonSlayer the Demonspawn Earth Elementalist began the
                  | quest for the Orb.
     0 | D:1      | Reached XP level 1. HP: 13/13 MP: 3/3
    72 | D:1      | Gained mutation: You have an unusually large brain. (Int
                  | +2) [demonic ancestry]
    72 | D:1      | Reached XP level 2. HP: 16/19 MP: 0/5
   668 | D:1      | Reached XP level 3. HP: 19/24 MP: 2/6
  1206 | D:1      | Learned a level 3 spell: Stone Arrow
  1209 | D:1      | Learned a level 2 spell: Passwall
  1298 | D:2      | Noticed Natasha
  1306 | D:2      | Killed Natasha
  1307 | D:2      | Gained mutation: You regenerate a little health from kills.
                  | [demonic ancestry]
  1307 | D:2      | Reached XP level 4. HP: 30/30 MP: 5/8
  1307 | D:2      | Noticed Natasha
  1310 | D:2      | Killed Natasha
  1537 | D:2      | Noticed Natasha
  1540 | D:2      | Killed Natasha
  1780 | D:2      | Reached XP level 5. HP: 31/35 MP: 6/9
  2705 | D:3      | Found a faded altar of an unknown god.
  3278 | D:4      | Gained mutation: You regenerate magic rapidly. [demonic
                  | ancestry]
  3278 | D:4      | Reached XP level 6. HP: 32/42 MP: 3/11
  3431 | D:4      | Found a staircase to the Ecumenical Temple.
  3512 | Temple   | Entered the Ecumenical Temple
  3522 | Temple   | Became a worshipper of Dithmenos the Shadowed
  3664 | D:4      | You fall into a shaft and drop 1 floor!
  3664 | D:5      | Entered Level 5 of the Dungeon
  3953 | D:5      | Gained mutation: You have an extremely huge brain. (Int +4)
                  | [demonic ancestry]
  3953 | D:5      | Reached XP level 7. HP: 43/47 MP: 10/14
  4000 | D:5      | Reached skill level 5 in Earth Magic
  4081 | D:5      | Reached skill level 5 in Spellcasting
  4810 | D:4      | Learned a level 3 spell: Mephitic Cloud
  4815 | D:4      | Learned a level 4 spell: Petrify
  4819 | D:4      | Learned a level 3 spell: Swiftness
  4871 | D:6      | Found a glowing drain.
  4873 | D:6      | Noticed a steam dragon
  5251 | D:5      | HP: 2/47 [something (6)]
  5256 | D:5      | Slain by a sky beast

Illustrated notes

Levels and vault maps discovered:
D:1:      co_arrival_hall_of_pillars, layout_basic
D:2:      layout_basic, uniq_natasha
D:3:      layout_rooms, shapermc_ecumenical_altar_mp_highgroup
D:4:      layout_loops_ring, minmay_temple_entry_statues,
          dreamdust_princess_corridor
D:5:      layout_basic
D:6:      layout_rooms, nemelex_diamond_rough_becter, portal_sewer_entry_a,
          kennysheep_generic_room_10
Temple:   nicolae_temple_bog_church

Skill      XL: |  1  2  3  4  5  6  7 |
---------------+----------------------+-----
Earth Magic    | 3 4 5 |  5.6
Stealth        | 2 3 |  3.2
Spellcasting   | 3 4 5 |  5.3
Dodging        | 2 |  2.3
Fighting       | |  0.9
Short Blades   | |  0.8
Transmutations | |  0.8

Action                     |  1- 3 |  4- 6 |  7- 9 || total
---------------------------+-------+-------+-------++-------
  Melee: Dagger            |    25 |    13 |     2 ||    40
   Cast: Sandblast         |    44 |    81 |    23 ||   148
         Stone Arrow       |       |       |    10 ||    10
    Use: Potion            |     1 |       |     6 ||     7
         Scroll            |       |       |    11 ||    11
   Stab: Sleeping          |     3 |     4 |       ||     7
 Armour: Robe              |    15 |     7 |     8 ||    30
  Dodge: Dodged            |    46 |    28 |    27 ||   101
